 Dungeon Crawl Stone Soup version 0.22.0-49-gab54619674 (webtiles) character file.

701 JedernureinKreuz the Conjurer (level 7, 0/36 HPs)
             Began as a Deep Elf Conjurer on Sept 7, 2018.
             Shot with an arrow by a centaur (9 damage)
             ... on level 6 of the Dungeon.
             The game lasted 00:33:06 (4810 turns).

JedernureinKreuz the Conjurer (Deep Elf Conjurer)   Turns: 4810, Time: 00:33:06

Health: 0/36       AC:  5    Str:  5    XL:     7   Next: 38%
Magic:  0/17       EV: 15    Int: 22    God:
Gold:   271        SH:  0    Dex: 15    Spells: 12/16 levels left

rFire    + . .     SeeInvis .   i - +1 dagger
rCold    + . .     Gourm    .   (no shield)
rNeg     . . .     Faith    .   a - +0 robe
rPois    .         Spirit   +   (no helmet)
rElec    .         Reflect  .   e - scarf {rC+ rF+}
rCorr    .         Harm     .   (no gloves)
MR       .....                  (no boots)
Stlth    +++.......             b - amulet of guardian spirit
HPRegen  0.12/turn              k - +3 ring of protection
MPRegen  0.15/turn              (no ring)

@: no status effects
A: no striking features
a: no special abilities


You were on level 6 of the Dungeon.
You were not hungry.

You visited 1 branch of the dungeon, and saw 6 of its levels.

You collected 271 gold pieces.

Inventory:

Hand Weapons
 i - a +1 dagger (weapon)
 j - a +0 short sword
 q - a +1 vampiric hand axe
Missiles
 n - 42 poisoned needles (quivered)
Armour
 a - a +0 robe (worn)
 e - a scarf of resistance (worn)
 f - a +0 robe
 g - a +0 naga barding
 x - a +0 large shield
Jewellery
 b - an amulet of guardian spirit (around neck)
 k - a +3 ring of protection (left hand)
Wands
 t - a wand of scattershot (8)
 v - a wand of acid (11)
Scrolls
 h - a scroll of fear {unknown}
 l - 5 scrolls of identify
 m - 3 scrolls of teleportation {unknown}
 o - a scroll of amnesia {unknown}
 r - 2 scrolls of remove curse
 s - a scroll of fog {unknown}
 u - 2 scrolls of noise {unknown}
 w - 3 scrolls of enchant weapon
Potions
 d - a potion of might
 p - a potion of lignification {unknown}
Comestibles
 c - 4 rations
 z - 2 chunks of flesh


   Skills:
 + Level 3.1 Short Blades
 + Level 4.7 Dodging
 + Level 5.2 Stealth
 + Level 1.2 Shields
 + Level 5.4 Spellcasting
 + Level 5.9 Conjurations


You had 12 spell levels left.
You knew the following spells:

 Your Spells              Type           Power        Failure   Level  Hunger
a - Magic Dart            Conj           ####         1%          1    None
b - Dazzling Spray        Conj/Hex       ###...       9%          3    ##.....

Your spell library contained the following spells:

 Spells                   Type           Power        Failure   Level  Hunger
 Searing Ray              Conj           ####..       1%          2    None
 Iskenderun's Mystic Bla  Conj           ####....     9%          4    ####...
 Force Lance              Conj/Tloc      ###.....     28%         4    ####...
 Fulminant Prism          Conj/Hex       ###.......   28%         4    ####...


Dungeon Overview and Level Annotations

Branches:
Dungeon (6/15)             Temple (0/1) D:5

Altars:
Gozag
Hepliaklqana
Zin


Message History

The arrow hits you.
You see here 2 arrows.
The centaur shoots an arrow.
The arrow closely misses you.
The centaur shoots an arrow.
The arrow hits you but does no damage.
You see here an arrow.
The centaur shoots an arrow.
The arrow hits you.
You see here an arrow.
The centaur shoots an arrow.
The arrow barely misses you.
You see here an arrow.
Found 13 gold pieces.
The centaur shoots an arrow.
The arrow barely misses you.
You see here an arrow.
Found a potion of curing.
The centaur shoots an arrow.
The arrow hits you.
You see here an arrow.
The centaur shoots an arrow.
The arrow hits you!
* * * LOW HITPOINT WARNING * * *
You see here an arrow.
The centaur shoots an arrow.
The arrow hits you!
You die...

##########..##...##..) ##.....##
##.....###..##...##...)###.....##
(......#.....#...#.....†.'......#
c......#.....'...#.......#......#
.(.....#.....#...'.......#......#
.......#.....#...#.......#[.....#
)..(...'.....# ..#.$.....#......#
#.....######## ####.##..#########
#.....###...####@##.##+#
.......(.c..(.(......#
..........$..........#
.....................#
.....................#
......##......#####'##
############### .# .. #


You could see a centaur.

Vanquished Creatures
  2 ogres
  A scorpion (D:4)
  A howler monkey (D:4)
  A crimson imp (D:6)
  An orc priest (D:6)
  4 hounds
  A bullfrog skeleton (D:5)
  An iguana (D:5)
  An orc wizard (D:6)
  3 worker ants
  3 adders
  A worm (D:3)
  4 leopard geckos
  12 orcs
  A ball python (D:4)
  4 giant cockroaches
  3 goblins (D:1)
  6 hobgoblins
  4 jackals (D:4)
  4 kobolds
  2 quokkas
  7 bats
  4 frilled lizards
  A jackal skeleton (D:4)
  A leopard gecko skeleton (D:5)
  A quokka zombie (D:6)
  A rat (D:1)
75 creatures vanquished.

Notes
Turn   | Place    | Note
-------+----------+-------------------------------------------
     0 | D:1      | JedernureinKreuz the Deep Elf Conjurer began the quest for
                  | the Orb.
     0 | D:1      | Reached XP level 1. HP: 10/10 MP: 6/6
   172 | D:1      | Reached XP level 2. HP: 15/15 MP: 0/8
  1628 | D:3      | Reached XP level 3. HP: 19/19 MP: 4/9
  1813 | D:3      | Reached skill level 1 in Short Blades
  2235 | D:3      | Reached XP level 4. HP: 24/24 MP: 8/11
  2593 | D:4      | Reached skill level 5 in Conjurations
  2770 | D:4      | Reached XP level 5. HP: 28/28 MP: 6/13
  2819 | D:4      | Found a hazy altar of Hepliaklqana.
  3091 | D:5      | Entered Level 5 of the Dungeon
  3147 | D:5      | Noticed an ogre
  3157 | D:5      | Killed an ogre
  3157 | D:5      | Reached XP level 6. HP: 32/32 MP: 3/15
  3164 | D:5      | Found a staircase to the Ecumenical Temple.
  3283 | D:4      | HP: 1/32 [poisoned by a worker ant]
  3618 | D:5      | Found a glowing silver altar of Zin.
  3618 | D:5      | Found an opulent altar of Gozag.
  3801 | D:5      | Reached skill level 5 in Spellcasting
  4626 | D:5      | Learned a level 3 spell: Dazzling Spray
  4688 | D:6      | Reached XP level 7. HP: 33/36 MP: 11/16
  4722 | D:6      | Reached skill level 5 in Stealth
  4763 | D:6      | Reached skill level 1 in Shields
  4810 | D:6      | Shot with an arrow by a centaur

Skill      XL: |  1  2  3  4  5  6  7 |
---------------+----------------------+-----
Stealth        | 3 4 5 |  5.2
Dodging        | 3 4 |  4.7
Short Blades   | 1 2 3 |  3.1
Spellcasting   | 4 5 |  5.4
Conjurations   | 5 |  5.9
Shields        | 1 |  1.2

Action                   |  1- 3 |  4- 6 |  7- 9 || total
-------------------------+-------+-------+-------++-------
Melee: Dagger            |     5 |    38 |       ||    43
 Cast: Magic Dart        |    77 |   126 |    23 ||   226
       Dazzling Spray    |       |     2 |       ||     2
  Use: Scroll            |     4 |       |       ||     4
       Potion            |       |     3 |       ||     3
 Stab: Sleeping          |     1 |       |       ||     1
  Eat: Chunk             |     4 |     3 |     1 ||     8
       Ration            |       |     1 |       ||     1
Armor: Robe              |     8 |    23 |     1 ||    32
Dodge: Dodged            |    22 |    59 |    11 ||    92
Block: Large shield      |       |     5 |       ||     5
